 Dungeon Crawl Stone Soup version 0.30-a0-23-ge60ba3568b (webtiles) character file.

Game seed: 18096920547433503565

9484 rubashov the Thaumaturge (level 11, -1/81 HPs)
             Began as a Djinni Fire Elementalist on Aug 24, 2022.
             Was an Elder of Okawaru.
             Slain by a boulder beetle (24 damage)
             ... on level 9 of the Dungeon.
             The game lasted 00:53:30 (16148 turns).

rubashov the Thaumaturge (DjFE)                    Turns: 16148, Time: 00:53:31

Health: -1/81      AC:  6    Str: 11    XL:     11   Next: 75%
Gold:   501        EV: 21    Int: 17    God:    Okawaru [****..] SH:  0 Dex: 20

rFire   + + +      SeeInvis +    F - +4 war axe (elec)
rCold   . . .      Faith    .    (no shield)
rNeg    . . .      Spirit   .    b - +1 robe {rC+ rF+}
rPois   ∞          Reflect  .    (no helmet)
rElec   .          Harm     .    s - +0 cloak
rCorr   .          Rampage  .    A - +1 pair of gloves
Will    +....                    (boots unavailable)
Stlth   ++++......               k - amulet of the acrobat
HPRegen 0.23/turn                E - ring of see invisible
MPRegen 0.00/turn                n - +6 ring of dexterity

@: heroic, flying
A: sickness immunity, fire resistance 2, cold vulnerability 1, float, innate
caster, HP casting, extra vitality 1
a: Renounce Religion, Heroism, Finesse


You were on level 9 of the Dungeon.
You worshipped Okawaru.
Okawaru was greatly pleased with you.
You visited 2 branches of the dungeon, and saw 10 of its levels.

You collected 501 gold pieces.

Inventory:

Hand Weapons
 c - a +1 battleaxe of flaming
 j - a +4 battleaxe
 u - a +4 hand axe of freezing
 x - a +1 broad axe of flaming
 B - a +2 war axe of flaming
 F - a +4 war axe of electrocution (weapon)
Missiles
 h - 30 stones
Armour
 b - a +1 robe of resistance (worn)
 s - a +0 cloak (worn)
 y - +0 steam dragon scales
 A - a +1 pair of gloves (worn)
Jewellery
 k - an amulet of the acrobat (around neck)
 m - a ring of resist corrosion
 n - a +6 ring of dexterity (right hand)
 v - a ring of wizardry
 E - a ring of see invisible (left hand)
Wands
 l - a wand of roots (22)
 r - a wand of mindburst (5)
 z - a wand of light (15)
Scrolls
 a - a scroll of enchant armour
 g - a scroll of summoning
 w - a scroll of magic mapping
 C - a scroll of enchant weapon
 D - a scroll of identify
Potions
 d - 3 potions of curing {unknown}
 e - a potion of lignification {unknown}
 f - a potion of mutation {unknown}
 i - 2 potions of brilliance
 o - a potion of might {unknown}
 p - a potion of ambrosia {unknown}
 q - 2 potions of berserk rage {unknown}
 t - 4 potions of attraction


   Skills:
 - Level 8.0(13.0) Fighting
 - Level 0.7(5.7) Long Blades
 * Level 8.0(13.0) Axes
 - Level 8.0(13.0) Dodging
 - Level 1.5(6.5) Stealth
 - Level 8.0 Spellcasting
 * Level 3.3 Invocations


You couldn't memorise any spells.
You knew the following spells:

 Your Spells              Type           Power      Damage    Failure   Level
a - Foxfire               Conj/Fire      100%       2x1d9     1%          1
b - Scorch                Fire           68%        2d8       1%          2
c - Conjure Flame         Conj/Fire      34%        6-21      1%          3
d - Inner Flame           Hex/Fire       34%        N/A       1%          3
e - Flame Wave            Conj/Fire      34%        2d10      3%          4
f - Sting                 Tmut/Pois      100%       1d8       1%          1
g - Wereblood             Tmut           34%        N/A       1%          2
h - Blink                 Tloc           68%        N/A       1%          2
i - Leda's Liquefaction   Hex/Erth       17%        N/A       3%          4
j - Cause Fear            Hex            17%        N/A       3%          4
Your spell library was empty.

Dungeon Overview and Level Annotations

Branches:
Dungeon (9/15)             Temple (1/1) D:7            Lair (0/5) D:9
    Orc: D:9-12

Altars:
Ashenzari
Cheibriados
Dithmenos
Elyvilon
Fedhas
Gozag
Hepliaklqana
Makhleb
Nemelex Xobeh
Okawaru
Qazlal
Ru
Trog
Uskayaw
Wu Jian
Xom
Zin
The Shining One

Annotations:
D:8 Amaemon


Innate Abilities, Weirdness & Mutations

You are immune to sickness and miasma.
You are immune to poison.
Your flesh is very heat resistant. (rF++)
You are vulnerable to cold. (rC-)
You float through the air rather than walking.
You learn spells naturally, not from books.
Your magical power is your life essence.
You have superior vitality. (+4 MHP)


Message History

Confirm with . or Enter, or press ? or * to list all spells.
The fire begins to smoulder!
The fire ignites!
You gain the combat prowess of a mighty hero.
Casting: Conjure Flame (safe; 1% risk of failure)
Confirm with . or Enter, or press ? or * to list all spells.
You can't see any susceptible monsters within range! (Use Z to cast anyway.) Unknown command.
Casting: Conjure Flame (safe; 1% risk of failure)
Confirm with . or Enter, or press ? or * to list all spells.
Flames lash the boulder beetle.
The boulder beetle is lightly wounded.
The boulder beetle's fire resistance burns away.
The boulder beetle misses you.
Casting: Scorch (safe; 1% risk of failure)
Confirm with . or Enter, or press ? or * to list all spells.
Flames lash the boulder beetle but do no damage.
The boulder beetle is engulfed in blazing flames.
The boulder beetle barely misses you.
You hit the boulder beetle but do no damage.
You punch the boulder beetle, but do no damage.
The boulder beetle is moderately wounded.
The boulder beetle is engulfed in blazing flames.
The boulder beetle bites you!
You hit the boulder beetle but do no damage.
The boulder beetle is moderately wounded.
The boulder beetle is engulfed in blazing flames.
The boulder beetle bites you!
You hit the boulder beetle.
Lightning courses through the boulder beetle!!
The boulder beetle is severely wounded.
The boulder beetle is no longer more vulnerable to fire.
The boulder beetle bites you!!
* * * LOW HITPOINT WARNING * * *
You slash the boulder beetle!
The boulder beetle is almost dead.
You slash the boulder beetle!
The boulder beetle is almost dead.
The boulder beetle bites you!!
You die...

............##.##.###.......
#####.###..##...##.##.......
#.###.##..#..##.#.......
#.##.##..###..##........
#.#.##..##.##..##.......
########..##..##...##..##......
.........##..##...##..##.......
#####..##..##..#8#..##..##....
#.#...##.@##...##..##.....
#.##.##.B##:..##..##......
#.###.##..##"##..##.......
#.###..##..###..##........
#.......##..#.|##.#.#####.
#.######.##...##....###... #.#
##.##.##.###.##.†.. #.#
##.###.## #....... #.# ##.#.##
#.......


You could see a boulder beetle.

Vanquished Creatures
  Pikel (D:7)
  A deep elf pyromancer (D:7)
  An ugly thing (D:7)
  A cyclops (D:8)
  A manticore (D:8)
  Maggie (D:7)
  A komodo dragon (D:9)
  A troll (D:9)
  Grinder (D:3)
  A slime creature (D:9)
  2 hornets
  Sigmund (D:4)
  A basilisk (D:9)
  9 yaks (D:9)
  Eustachio (D:6)
  A steam dragon (D:8)
  2 vampire mosquitoes
  A water moccasin (D:6)
  2 orc warriors (D:6)
  2 ice beasts
  A sky beast (D:6)
  A black bear (D:7)
  3 centaurs
  A phantom (D:6)
  A kobold brigand (D:9)
  2 bullfrogs
  A gnoll sergeant (D:6)
  A scorpion (D:6)
  11 wights
  18 killer bees
  3 howler monkeys
  4 orc priests
  3 gnoll boudas
  3 jellies
  Terence (D:3)
  8 orc wizards
  5 iguanas
  22 gnolls
  10 adders
  A shadow imp (D:6)
  3 white imps
  An ufetubus (D:7)
  A worm (D:2)
  4 dart slugs
  35 orcs
  8 ball pythons
  6 endoplasms
  3 giant cockroaches
  6 goblins
  2 hobgoblins
  9 jackals
  5 quokkas
  5 bats
  5 frilled lizards
  12 kobolds
  4 rats
241 creatures vanquished.

Vanquished Creatures (others)
  98 foxfires
  5 fungi (D:7)
  21 plants (D:9)
124 creatures vanquished.

Grand Total: 365 creatures vanquished

Notes
Turn   | Place    | Note
-------+----------+-------------------------------------------
     0 | D:1      | rubashov the Djinni Fire Elementalist began the quest for
                  | the Orb.
     0 | D:1      | rubashov set off with the following spells memorised:
                  | Foxfire, Scorch, Conjure Flame, Inner Flame, Flame Wave.
     0 | D:1      | Reached XP level 1. HP: 15/15 MP: 0/0
   110 | D:1      | Reached XP level 2. HP: 16/21 MP: 0/0
   606 | D:1      | Reached XP level 3. HP: 24/26 MP: 0/0
   606 | D:1      | Learned a level 1 spell: Sting
  2180 | D:2      | Reached XP level 4. HP: 17/31 MP: 0/0
  2823 | D:3      | Found a faded altar of an unknown god.
  2824 | D:3      | Noticed Grinder
  2909 | D:3      | Killed Grinder
  2910 | D:3      | Reached skill level 1 in Fighting
  2910 | D:3      | Reached XP level 5. HP: 12/37 MP: 0/0
  2910 | D:3      | Learned a level 2 spell: Wereblood
  2910 | D:3      | Reached XP level 6. HP: 13/42 MP: 0/0
  3518 | D:3      | Reached skill level 5 in Spellcasting
  3678 | D:3      | Noticed Terence
  3733 | D:3      | Killed Terence
  4319 | D:4      | Reached XP level 7. HP: 32/48 MP: 0/0
  4319 | D:4      | Learned a level 2 spell: Blink
  4676 | D:4      | Noticed Sigmund
  4742 | D:4      | Killed Sigmund
  5393 | D:4      | Found an opulent altar of Gozag.
  5905 | D:5      | Entered Level 5 of the Dungeon
  6077 | D:5      | Reached XP level 8. HP: 19/55 MP: 0/0
  6803 | D:5      | Found a stormy altar of Qazlal.
  7146 | D:5      | You are sucked into a shaft and drop 1 floor!
  7621 | D:6      | Reached skill level 5 in Dodging
  8002 | D:6      | Reached skill level 5 in Fighting
  8208 | D:6      | Reached XP level 9. HP: 59/65 MP: 0/0
  8208 | D:6      | Learned a level 4 spell: Leda's Liquefaction
  8255 | D:6      | Noticed Eustachio
  9088 | D:6      | Killed Eustachio
  9503 | D:7      | Noticed Maggie
  9517 | D:7      | Killed Maggie
  9715 | D:7      | Reached XP level 10. HP: 67/73 MP: 0/0
  9841 | D:7      | Found a hazy altar of Hepliaklqana.
 10051 | D:7      | Found a staircase to the Ecumenical Temple.
 10060 | Temple   | Entered the Ecumenical Temple
 10060 | Temple   | Found a transporter.
 10060 | Temple   | Found a transporter.
 10062 | Temple   | Found a transporter.
 10062 | Temple   | Found a transporter.
 10093 | Temple   | Became a worshipper of Warmaster Okawaru
 10283 | D:7      | Found a glowing silver altar of Zin.
 11415 | D:8      | Noticed Amaemon
 11416 | D:8      | Noticed Pikel
 11600 | D:8      | Reached * piety under Okawaru
 11688 | D:8      | Noticed a brown ugly thing
 11689 | D:8      | Noticed a deep elf pyromancer
 11695 | D:7      | Reached skill level 1 in Axes
 12179 | D:7      | Killed a brown ugly thing
 12278 | D:7      | Killed a deep elf pyromancer
 12278 | D:7      | Reached ** piety under Okawaru
 12664 | D:7      | Killed Pikel
 12665 | D:7      | Reached XP level 11. HP: 65/81 MP: 0/0
 12665 | D:7      | Learned a level 4 spell: Cause Fear
 12756 | D:8      | Noticed a manticore
 12811 | D:8      | Killed a manticore
 12812 | D:8      | Reached skill level 5 in Axes
 13521 | D:8      | Found a bloodstained altar of Trog.
 13994 | D:8      | Noticed a cyclops
 14015 | D:8      | Killed a cyclops
 14285 | D:9      | Reached *** piety under Okawaru
 14907 | D:9      | Reached skill level 1 in Invocations
 15384 | D:9      | Noticed a boulder beetle
 15411 | D:9      | Found a staircase to the Lair.
 15496 | D:9      | Reached **** piety under Okawaru
 16148 | D:9      | Slain by a boulder beetle

Illustrated notes

Levels and vault maps discovered:
D:1:      psy_arrival_heroes, layout_loops_corners, chequers_jeans
D:2:      layout_basic
D:3:      layout_loops_cross, ebering_ecumenical_altar_rust, minmay_checkerbox,
          uniq_grinder, uniq_terence
D:4:      layout_basic, mainiacjoe_overflow_alcove_1, lemuel_old_faithful,
          uniq_sigmund
D:5:      layout_loops_ring, mainiacjoe_overflow_24_doors
D:6:      layout_basic, uniq_eustachio
D:7:      kennysheep_spiral_hall, layout_loops_cross,
          mainiacjoe_overflow_boulevard, mainiacjoe_overflow_cross_hatched,
          minmay_temple_entry_drinking_statues, uniq_maggie
D:8:      minmay_bloctagon_deflated, layout_loops_ring,
          yredelemnul_forgotten_temple_becter, amcnicky_altar_gilded,
          nicolae_concentric_dashed_squares_mild, uniq_amaemon, uniq_pikel
D:9:      layout_small_grid, mainiacjoe_overflow_small_starburst,
          david_lair_shrubbed, minmay_diamond_spiral
Temple:   hellmonk_temple_divided_pantheon

Skill      XL: |  1  2  3  4  5  6  7  8  9 10 11 |
---------------+----------------------------------+-----
Spellcasting   | 3 4 5 6 7 8 |  8.0
Fighting       | 1 2 5 6 8 |  8.0
Dodging        | 3 6 8 |  8.0
Axes           | 4 8 |  8.0
Invocations    | 3 |  3.3
Long Blades    | |  0.7
Stealth        | |  1.5

Action                   |  1- 3 |  4- 6 |  7- 9 | 10-12 || total
-------------------------+-------+-------+-------+-------++-------
Melee: Dagger            |     5 |       |    12 |       ||    17
       Hand axe          |       |       |       |    17 ||    17
       War axe           |       |       |       |     5 ||     5
       Punch             |       |       |       |     1 ||     1
 Fire: Sling             |       |     2 |     1 |       ||     3
 Cast: Foxfire           |    14 |    16 |    24 |     1 ||    55
       Scorch            |    32 |    46 |   169 |   234 ||   481
       Conjure Flame     |     2 |     4 |    22 |    30 ||    58
       Blink             |       |       |     2 |     6 ||     8
       Flame Wave        |       |       |     1 |     2 ||     3
       Leda's Liquefacti |       |       |       |     3 ||     3
       Cause Fear        |       |       |       |     1 ||     1
Invok: Heroism           |       |       |       |     2 ||     2
  Use: Scroll            |       |     6 |     5 |     4 ||    15
       Potion            |       |       |     3 |     1 ||     4
 Stab: Distracted        |       |       |     1 |       ||     1
       Sleeping          |       |       |     1 |       ||     1
Armor: Robe              |       |       |     6 |    12 ||    18
Dodge: Dodged            |     4 |     4 |    34 |    65 ||   107

Table legend: (Time is in decaauts)
 A = Elapsed time spent in this place.
 B = Non-inter-level travel time spent in this place.
 C = Inter-level travel time spent in this place.
 D = Time resting spent in this place.
 E = Time spent auto-exploring this place.
 F = Levels seen in this place.
 G = Mean time per level.
                   A        B        C        D        E       F      G
               +--------+--------+--------+--------+--------+-----+--------+
         Total |  16161 |  15191 |    970 |   7560 |   4573 |  10 | 1616.1 |
       Dungeon |  16109 |  15165 |    944 |   7560 |   4567 |   9 | 1789.9 |
        Temple |     51 |     25 |     26 |      0 |      6 |   1 |   51.0 |
               +--------+--------+--------+--------+--------+-----+--------+

Top non-repeatable levels by time:
     D:7: 3388 daAuts
     D:6: 2042 daAuts
     D:9: 2020 daAuts
     D:4: 1666 daAuts
     D:5: 1607 daAuts
     D:1: 1556 daAuts
     D:3: 1403 daAuts
     D:2: 1275 daAuts
     D:8: 1148 daAuts
  Temple: 51 daAuts
